 Dungeon Crawl Stone Soup version 0.31-a0-819-gf6de2f5ab6 (webtiles) character file.

Game seed: 12618981543305606909

105 Kurtz the Chopper (level 4, 0/31 HPs)
             Began as an Octopode Fighter on Sept 25, 2023.
             Killed from afar by an orc wizard (6 damage)
             ... with a puff of flame
             ... on level 3 of the Dungeon.
             The game lasted 00:01:23 (1625 turns).

Kurtz the Chopper (Octopode Fighter)                Turns: 1625, Time: 00:01:24

Health: 0/31       AC:  1    Str: 21    XL:     4   Next: 83%
Magic:  4/4        EV: 13    Int: 10    God:
Gold:   143        SH:  5    Dex: 13    Spells: 3/3 levels left

rFire   . . .        a - +0 war axe
rCold   . . .        b - +0 buckler
rNeg    . . .        (helmet restricted)
rPois   .            (no amulet)
rElec   .            d - +6 ring of strength
rCorr   .            (no ring)
SInv    .            (no ring)
Will    .....        (no ring)
Stlth   ++           (no ring)
HPRegen 0.25/turn    (no ring)
MPRegen 0.09/turn    (no ring)
                     (no ring)

%: no passive effects
@: no status effects
A: almost no armour, amphibious, 8 rings, camouflage 1, gelatinous body 1,
(nimble swimmer 1), tentacles
a: no special abilities


You were on level 3 of the Dungeon.
You visited 1 branch of the dungeon, and saw 3 of its levels.

You collected 143 gold pieces.

Inventory:

Hand Weapons
 a - a +0 war axe (weapon)
Armour
 b - a +0 buckler (worn)
Jewellery
 d - a +6 ring of strength (left tentacle)
 e - a ring of fire
Scrolls
 f - a scroll of identify {unknown}
 g - a scroll of noise {unknown}
 j - a scroll of fear {unknown}
 l - a scroll of torment {unknown}
 m - a scroll of revelation {unknown}
Potions
 c - 2 potions of might
 h - a potion of resistance {unknown}
 i - 2 potions of enlightenment {unknown}
 k - a potion of magic {unknown}


   Skills:
 + Level 3.3 Fighting
 * Level 3.7 Axes
 + Level 3.3 Dodging
 * Level 3.6 Shields


You had 3 spell levels left.
You didn't know any spells.
Your spell library was empty.

Dungeon Overview and Level Annotations

Branches:
Dungeon (3/15)

Altars:

Shops:
D:1 =


Innate Abilities, Weirdness & Mutations

You cannot wear most types of armour.
You are amphibious.
You can wear up to eight rings at the same time.
Your skin changes colour to match your surroundings (Stealth+).
Your rubbery body absorbs attacks. (AC +1, EV +1)
((You are camouflaged when in or above water. (Stealth+)))
You have tentacles for arms and can constrict up to eight enemies at once.


Message History

The orc wizard shouts!
Things that are here:
a +0 flail; 3 boomerangs; an orc corpse The orc wizard casts a spell.
The orc wizard flickers and vanishes!
Deactivating autopickup; reactivate with Ctrl-A.
Unknown command.
The orc closely misses you.
You hit the orc. You grab the orc.
The orc is heavily wounded.
You constrict the orc.
You kill the orc!
A magic dart appears from out of thin air!
The magic dart hits you.
Unknown command.
No target in view!
No target in view!
Unknown command.
No target in view!
No target in view!
Unknown command.
You block something's attack.
You closely miss something. Something hits you.
You hit something. Your squeeze misses something. You block something's attack.
You hit something but do no damage. Your squeeze misses something.
Something completely misses you. Something hits you.
You miss something.
You hear some strange, mumbled words.
A magic dart appears from out of thin air!
The magic dart hits you!
* * * LOW HITPOINT WARNING * * *
You hit something but do no damage. You squeeze something. Something hits you.
* * * LOW HITPOINT WARNING * * *
You slash something!
You hear some strange, mumbled words.
Something tries to affect you, but you resist.
You hear some strange, mumbled words.
A puff of flame appears from out of thin air!
The puff of flame hits you.
You die...

#. ##. #.. #.# #.#
##{# ######)@######
##.............#
....###........#
##...##........# ..
#.#...))......# #.#
#.####........# # ..
#.# #...)....# #. #.
##.####?.......#
#.##.##........######


There were no monsters in sight!

Vanquished Creatures
  5 adders
  A dart slug (D:1)
  4 orcs (D:3)
  6 ball pythons (D:2)
  A bat (D:2)
  5 endoplasms
  3 giant cockroaches
  7 goblins
  3 hobgoblins
  3 quokkas (D:1)
  3 frilled lizards
  6 kobolds
  5 rats
52 creatures vanquished.

Notes
Turn   | Place    | Note
-------+----------+-------------------------------------------
     0 | D:1      | Kurtz the Octopode Fighter began the quest for the Orb.
     0 | D:1      | Reached XP level 1. HP: 16/16 MP: 1/1
   208 | D:1      | Reached XP level 2. HP: 18/21 MP: 2/2
   289 | D:1      | Found Zeiz's Jewellery Emporium.
   334 | D:1      | Reached XP level 3. HP: 19/26 MP: 3/3
  1304 | D:2      | Reached XP level 4. HP: 28/31 MP: 4/4
  1625 | D:3      | Killed from afar by an orc wizard

Illustrated notes

Levels and vault maps discovered:
D:1:      tarquinn_simple_flora_water_e, layout_basic, serial_shops,
          nicolae_shop_stone, columned_hall_lemuel
D:2:      layout_basic
D:3:      layout_rooms, nicolae_ru_the_path_less_chosen,
          kennysheep_vampire_church, basic_ecumenical_altar

Skill      XL: |  1  2  3 |
---------------+----------+-----
Axes           | 3 |  3.7
Fighting       | |  3.3
Dodging        | |  3.3
Shields        | |  3.6

Action                     |  1- 3 |  4- 6 || total
---------------------------+-------+-------++-------
  Melee: War axe           |    59 |    26 ||    85
         Constrict         |    11 |     5 ||    16
         Tentacles         |     8 |     7 ||    15
         Punch             |     1 |       ||     1
   Stab: Sleeping          |     8 |     4 ||    12
 Armour: Skin              |    21 |    14 ||    35
  Dodge: Dodged            |    21 |    18 ||    39
  Block: Buckler           |    17 |     5 ||    22

Table legend: (Time is in decaauts)
 A = Elapsed time spent in this place.
 B = Non-inter-level travel time spent in this place.
 C = Inter-level travel time spent in this place.
 D = Time resting spent in this place.
 E = Time spent auto-exploring this place.
 F = Levels seen in this place.
 G = Mean time per level.
                   A        B        C        D        E       F      G
               +--------+--------+--------+--------+--------+-----+--------+
         Total |   1657 |   1641 |     16 |    109 |   1223 |   3 |  552.3 |
       Dungeon |   1657 |   1641 |     16 |    109 |   1223 |   3 |  552.3 |
               +--------+--------+--------+--------+--------+-----+--------+

Top non-repeatable levels by time:
     D:2: 788 daAuts
     D:1: 753 daAuts
     D:3: 115 daAuts
